 Dungeon Crawl Stone Soup version 0.27-a0-1147-gb3d8e82157 (webtiles) character file.

Game seed: 2925639832496992678

277 Kinoniko the Spear-Bearer (level 6, 44/44 HPs)
             Began as a Merfolk Gladiator on May 12, 2021.
             Quit the game on level 4 of the Dungeon.
             The game lasted 00:04:51 (3530 turns).

Kinoniko the Spear-Bearer (Merfolk Gladiator)       Turns: 3530, Time: 00:04:52

Health: 44/44      AC:  8    Str: 16    XL:     6   Next: 26%
Magic:  6/6        EV: 12    Int:  7    God:
Gold:   188        SH:  0    Dex: 16    Spells: 5/5 levels left

rFire    . . .     SeeInvis .   a - +0 trident
rCold    . . .     Faith    .   (no shield)
rNeg     . . .     Spirit   .   b - +0 scale mail
rPois    .         Reflect  .   c - +0 helmet
rElec    .         Harm     .   r - scarf {repulsion}
rCorr    .         Rampage  .   m - +0 pair of gloves
Will     .....                  (no boots)
Stlth    ..........             (no amulet)
HPRegen  0.14/turn              (no ring)
MPRegen  0.10/turn              (no ring)

@: repel missiles
A: (nimble swimmer 2), mertail
a: no special abilities


You were on level 4 of the Dungeon.
You visited 1 branch of the dungeon, and saw 4 of its levels.

You collected 188 gold pieces.

Inventory:

Hand Weapons
 a - a +0 trident (weapon)
Missiles
 d - 3 throwing nets (quivered)
Armour
 b - a +0 scale mail (worn)
 c - a +0 helmet (worn)
 m - a +0 pair of gloves (worn)
 r - a scarf of repulsion (worn)
 t - a +0 ring mail
Jewellery
 h - an amulet of regeneration
 s - a +4 ring of protection
Wands
 q - a wand of paralysis (8)
Scrolls
 i - 3 scrolls of identify
 n - 3 scrolls of teleportation {unknown}
 p - a scroll of magic mapping
Potions
 g - a potion of curing


   Skills:
 - Level 2.1 Fighting
 * Level 8.4 Polearms
 - Level 2.0 Throwing
 + Level 6.1 Dodging


You had 5 spell levels left.
You didn't know any spells.
Your spell library contained the following spells:

 Spells                   Type           Power      Damage    Failure   Level
 Corona                   Hex            0%         N/A       87%         1
 Magic Dart               Conj           0%         1d3       87%         1
 Blink                    Tloc           N/A        N/A       95%         2
 Call Imp                 Summ           0%         N/A       95%         2
 Ensorcelled Hibernation  Hex/Ice        0%         N/A       95%         2
 Slow                     Hex            0%         N/A       95%         2
 Confusing Touch          Hex            0%         N/A       99%         3
 Conjure Flame            Conj/Fire      0%         6-21      99%         3
 Dazzling Flash           Conj/Hex       0%         N/A       99%         3
 Mephitic Cloud           Conj/Pois/Air  0%         N/A       99%         3
 Tukima's Dance           Hex            0%         N/A       99%         3


Dungeon Overview and Level Annotations

Branches:
Dungeon (4/15)
 Temple: D:4-7

Altars:
Ru

Shops:
D:2 [((   D:4 *


Innate Abilities, Weirdness & Mutations

((You are quick and stealthy near water. (Stealth+, EV+, Speed+++)))
Your lower body shifts to a powerful aquatic tail in water.


Message History

You kill the endoplasm!
No target in view!
No target in view!
Found a stone staircase leading down.
There is an escape hatch in the ceiling here.
i - 3 scrolls of identify (gained 1)
You now have 188 gold pieces (gained 14).
An adder comes into view.
An adder is nearby!
You miss the adder. The adder bites you but does no damage.
You miss the adder. The adder completely misses you.
The adder barely misses you.
You closely miss the adder. The adder misses you.
You closely miss the adder. The adder bites you but does no damage.
You miss the adder. The adder bites you.
You are poisoned.
The adder poisons you!
You puncture the adder!
The adder is severely wounded.
You feel sick. The adder misses you.
You hit the adder.
You kill the adder!
You feel sick.
No target in view!
No target in view!
No target in view!
You feel sick.
You feel sick.
You are no longer poisoned.
Found a chain mail.
You see here an adder corpse.
A goblin comes into view. It is wielding a +0 club.
The goblin shouts!
You hit the goblin.
You kill the goblin!
No target in view!
No target in view!
Things that are here:
a +0 club; a goblin corpse Are you sure you want to abandon this character and quit the game? (Confirm with "yes".)

.# *,*,***** #.# .#
*,,,..,,*########.# .#########
***...,,,.........#
...).....#####**.[#*,,##.#####.#
######<#......,,...,,,,........#
.......[....##**#.#*,,##..####.#
........###.# #.##..##..####.#
#####...# #.#####.##..##.......#
# #..## #.....@.....#...####.# #
#..##########.###..#*#.###.# #
#...........†......# #.....# #
#..########.######.###.###.# #
#..# #.# *#...## #.# # #..# #.#
##.## #.# # #..# #.# #.# #.# #
###..########.# #.#####.# #
#..........##.# #.......#


There were no monsters in sight!

Vanquished Creatures
  2 scorpions (D:4)
  The ghost of Sergey the Firebug, a weakling NaFE (D:3)
  Jessica (D:2)
  A killer bee zombie (D:4)
  5 adders
  A worm (D:4)
  2 dart slugs
  An orc (D:4)
  4 endoplasms
  3 giant cockroaches
  4 goblins
  4 hobgoblins
  2 quokkas
  2 ball pythons (D:2)
  4 frilled lizards
  A kobold (D:4)
  2 rats
40 creatures vanquished.

Notes
Turn   | Place    | Note
-------+----------+-------------------------------------------
     0 | D:1      | Kinoniko the Merfolk Gladiator began the quest for the Orb.
     0 | D:1      | Reached XP level 1. HP: 16/16 MP: 1/1
   246 | D:1      | Reached skill level 5 in Polearms
   246 | D:1      | Reached XP level 2. HP: 22/22 MP: 2/2
  1100 | D:2      | Noticed Jessica
  1110 | D:2      | Killed Jessica
  1111 | D:2      | Reached skill level 6 in Polearms
  1111 | D:2      | Reached XP level 3. HP: 18/27 MP: 3/3
  1214 | D:2      | Found Weashun's Antique Weapon Shop.
  1260 | D:2      | Found Ymoizxau's Antique Weapon Shop.
  1541 | D:2      | Found Amumacoh's Antique Armour Shop.
  1600 | D:2      | Reached XP level 4. HP: 27/33 MP: 4/4
  1929 | D:3      | Found a faded altar of an unknown god.
  2144 | D:3      | Found a runed translucent door.
  2144 | D:3      | Noticed Sergey's ghost (weakling NaFE)
  2211 | D:3      | Reached skill level 5 in Dodging
  2355 | D:3      | Found a sacrificial altar of Ru.
  2541 | D:3      | Killed Sergey's ghost
  2629 | D:4      | Noticed a scorpion
  2653 | D:4      | Killed a scorpion
  2654 | D:4      | Reached skill level 7 in Polearms
  2654 | D:4      | Reached XP level 5. HP: 29/38 MP: 5/5
  2967 | D:4      | Found Iereonus's Incredible Inventory.
  3145 | D:4      | Reached skill level 8 in Polearms
  3145 | D:4      | Reached XP level 6. HP: 23/44 MP: 6/6
  3530 | D:4      | Quit the game

Illustrated notes

Levels and vault maps discovered:
D:1:      lemuel_arrival_muddy, layout_loops_ring
D:2:      layout_loops_corners, serial_shops, shop, shop, shop, uniq_jessica
D:3:      layout_loops_ring, nicolae_ru_sacrificial_ziggurat,
          hellmonk_ghost_happy_afterlife, hellmonk_ecumenical_altar_blasted
D:4:      layout_loops_ring, nicolae_alphabet_shops

Skill      XL: |  1  2  3  4  5 |
---------------+----------------+-----
Polearms       | 5 6 7 8 |  8.4
Dodging        | 5 6 |  6.1
Fighting       | |  2.1
Throwing       | |  2.0

Action                   |  1- 3 |  4- 6 || total
-------------------------+-------+-------++-------
Melee: Trident           |    79 |    90 ||   169
  Use: Potion            |       |    11 ||    11
       Scroll            |       |     2 ||     2
 Stab: Sleeping          |     1 |     2 ||     3
Armor: Leather armour    |    14 |       ||    14
       Ring mail         |       |    19 ||    19
       Skin              |       |     8 ||     8
       Scale mail        |       |     2 ||     2
Dodge: Dodged            |    29 |    43 ||    72

Table legend: (Time is in decaauts)
 A = Elapsed time spent in this place.
 B = Non-inter-level travel time spent in this place.
 C = Inter-level travel time spent in this place.
 D = Time resting spent in this place.
 E = Time spent auto-exploring this place.
 F = Levels seen in this place.
 G = Mean time per level.
                   A        B        C        D        E       F      G
               +--------+--------+--------+--------+--------+-----+--------+
         Total |   3522 |   3447 |     75 |    522 |   2517 |   4 |  880.5 |
       Dungeon |   3522 |   3447 |     75 |    522 |   2517 |   4 |  880.5 |
               +--------+--------+--------+--------+--------+-----+--------+

Top non-repeatable levels by time:
     D:2: 1175 daAuts
     D:4: 940 daAuts
     D:1: 733 daAuts
     D:3: 672 daAuts
